Cogmind - Beta 9.4 *** ADVENTURER MODE // 2020.07.31 @ 16:05:31 Player: Scyralis Result: Self-destructed Performance ------------- Evolutions (1) 500 Regions Visited (4) 800 Robots Destroyed (108) 540 Value Destroyed (2178) 2178 Prototype IDs (3) 60 Alien Tech Used (0) 0 Bonus (232) 232 TOTAL SCORE: 4310 Bonus ------- High Alert Combat Kills 357 Follower Combat Kills 81 Friendly Fire -206 Cogmind --------- Core Integrity 142/400 Matter 300/300 Energy 575/575 System Corruption 5% Temperature Cool (-100) Movement Walking (120) Location -9/Storage Parts ------- > --- POWER (1) -------- Deuterium Engine > --- PROPULSION (2) --- Improved Aluminum Leg Improved Aluminum Leg > --- UTILITY (4) ------ Cryofiber Web Compact Battery Improved Targeting Computer Target Analyzer > --- WEAPON (2) ------- (None) > --- INVENTORY (4) ---- Improved Heat Sink Cooling System Peak State ------------ > --- POWER ------------ Heavy Ion Engine > --- PROPULSION ------- Carbon-fiber Leg Carbon-fiber Leg > --- UTILITY ---------- Cryofiber Web Compact Battery Visual Processing Unit Target Analyzer > --- WEAPON ----------- EMP Blaster Shock Bomb Launcher > --- INVENTORY -------- Improved Heat Sink [Rating: 25] Favorites ----------- Power Light Nuclear Core Engine Deuterium Engine Power Core Light Nuclear Core Propulsion Aluminum Leg Leg Aluminum Leg Utility Visual Processing Unit Device Cryofiber Web Storage Compact Battery Processor Visual Processing Unit Weapon Heavy EM Pulse Gun Energy Gun Heavy EM Pulse Gun Energy Cannon Particle Cannon Ballistic Gun Assault Rifle Launcher Shock Bomb Launcher Build | -11 -10 -10 -9 -9 ------- Run | Scr Mat Min Mat Sto Slots Evolved 2 | . . . 2 . Power . | . . . . . Propulsion . | . . . . . Utility 2 | . . . 2 . Weapon . | . . . . . Parts Attached 49 | 5 8 7 28 1 Power 8 | 1 1 1 5 . Engine 5 | 1 . . 4 . Core 3 | . 1 1 1 . Reactor . | . . . . . Propulsion 14 | 2 2 1 9 . Treads . | . . . . . Leg 14 | 2 2 1 9 . Wheel . | . . . . . Hover . | . . . . . Flight . | . . . . . Utility 8 | . 3 1 4 . Device 3 | . 2 1 . . Storage 1 | . . . 1 . Processor 4 | . 1 . 3 . Hackware . | . . . . . Protection . | . . . . . Artifact . | . . . . . Weapon 19 | 2 2 4 10 1 Energy Gun 15 | 2 2 2 8 1 Energy Cannon 1 | . . . 1 . Ballistic Gun 1 | . . 1 . . Ballistic Cannon . | . . . . . Launcher 2 | . . 1 1 . Special Weapon . | . . . . . Impact Weapon . | . . . . . Slashing Weapon . | . . . . . Piercing Weapon . | . . . . . Special Melee Weapon . | . . . . . Unidentified Prototypes 3 | . . . 3 . Parts Lost 13 | . 2 2 6 3 Power 2 | . 1 . 1 . Propulsion 1 | . . . 1 . Utility . | . . . . . Weapon 10 | . 1 2 4 3 Highest Loss Streak 3 | . 2 2 2 3 Average Slot Usage (%) 96 | . 95 95 97 93 Engine 4 | . 3 . 5 11 Core 7 | . 10 14 3 . Leg 24 | . 28 28 21 22 Device 11 | . 12 14 11 11 Storage 5 | . . . 11 11 Processor 17 | . 12 14 22 22 Energy Gun 18 | . 26 19 14 15 Energy Cannon 1 | . . . 2 . Launcher 2 | . . 3 4 . Naked Turns . | . . . . . Heaviest Build 20 | 9 10 13 20 17 Greatest Support 30 | 20 20 25 30 26 Greatest Overweight (x) . | . . . . . Average Overweight (x) . | . . . . . Largest Inventory Capacity 4 | 4 4 4 4 4 Average Capacity 4 | 4 4 4 4 4 Most Carried 4 | 4 1 4 4 3 Average Carried 1 | . . 1 1 2 Final Capacity 4 | 4 4 4 4 4 Final Carried 2 | . 1 2 2 2 Class Distribution -------------------- 64% | Mutant 35% | Scavenger-Mutant Dominant Class ---------------- Scavenger-Mutant | -10/Materials Scavenger-Mutant | -10/Mines Mutant | -9/Materials Mutant | -9/Storage Resources | -11 -10 -10 -9 -9 ----------- Run | Scr Mat Min Mat Sto Matter Collected 957 | 239 91 99 518 10 Remotely . | . . . . . Salvage Created 4052 | 66 640 409 2845 92 Parts 258 | 3 46 31 173 5 Haulers Intercepted 8 | . 2 . 6 . Recyclers Shooed 5 | . 1 1 3 . Parts Field Recycled . | . . . . . Retrieved Matter . | . . . . . Parts Self-Destructed . | . . . . . Prevented . | . . . . . Kills | -11 -10 -10 -9 -9 ------- Run | Scr Mat Min Mat Sto Combat Hostiles Destroyed 54 | . 8 5 39 2 Guns 27 | . 7 5 14 1 Cannons 7 | . . . 7 . AOE 17 | . 1 . 16 . Classes Destroyed 10 | 2 6 1 1 . Worker 13 | . 4 2 7 . Builder 9 | . 2 1 6 . Tunneler 4 | 1 . 2 1 . Hauler 8 | . 2 . 6 . Recycler 8 | 1 1 1 5 . Operator 3 | . . . 3 . Watcher 8 | . 3 . 5 . Swarmer 14 | . 3 3 8 . Grunt 27 | . 5 . 21 1 Sentry 13 | . . 2 10 1 Thug 1 | . . . 1 . Best Kill Streak 11 | 2 5 3 11 1 Combat Bots Only 6 | . 3 3 6 1 Max Kills in Single Turn 4 | 1 2 2 4 1 Gunslinging 1 | . . 1 1 . Exploded 2 | . 1 . 2 . Melee . | . . . . . Uniques/NPCs Destroyed . | . . . . . Combat | -11 -10 -10 -9 -9 -------- Run | Scr Mat Min Mat Sto Damage Taken 1928 | . 317 305 1067 239 Core 395 | . 84 53 199 59 Absorbed by Shields . | . . . . . Core Remaining (%) 72 | 100 . 45 . . Volleys Fired 215 | 7 58 30 110 10 Largest 2 | 2 2 2 2 2 Hottest 113 | 100 100 90 113 90 Shots Fired 361 | 14 90 49 189 19 Gun 290 | 14 90 48 119 19 Cannon 24 | . . . 24 . Launcher 47 | . . 1 46 . Special . | . . . . . Kinetic 8 | . . 8 . . Thermal 144 | 14 65 6 53 6 Explosive . | . . . . . Electromagnetic 209 | . 25 35 136 13 Robot Hit Streak 25 | 8 24 25 23 21 Robot Miss Streak 5 | . 1 5 3 . Penetration Max . | . . . . . Secondary Targets 6 | . 1 1 4 . Max Gunslinging Chain 1 | . 1 1 1 . Shots Hit Robots 258 | 8 61 32 139 18 Core Hits 149 | 3 30 16 97 3 Critical Hits 3 | . . . 3 . Critical Kills . | . . . . . Critical Parts Destroyed 2 | . . . 2 . Melee Attacks . | . . . . . Impact . | . . . . . Slashing . | . . . . . Piercing . | . . . . . Sneak Attacks . | . . . . . Combat Hostiles . | . . . . . Follow-up Attacks . | . . . . . Damage Inflicted 5707 | 99 885 468 4000 255 Guns 3090 | 99 843 378 1526 244 Cannons 392 | . . . 392 . Explosions 2180 | . 42 90 2048 . Melee . | . . . . . Ramming 45 | . . . 34 11 Kinetic 114 | . . 114 . . Thermal 2333 | 99 728 98 1335 73 Explosive 61 | . . . 61 . Electromagnetic 3154 | . 157 256 2570 171 Impact . | . . . . . Slashing . | . . . . . Piercing . | . . . . . Highest Corruption 5 | . . . 5 5 Average Corruption 3 | . . . 3 5 Corruption Purged . | . . . . . Effects 30 | . . . 27 3 Message Errors 8 | . . . 8 . Matter Fused 4 | . . . 4 . Heat Flow Errors 4 | . . . 4 . Energy Discharges 4 | . . . 3 1 Data Loss (minor) 1 | . . . . 1 Targeting Errors 6 | . . . 5 1 Weapon Failures 3 | . . . 3 . Overload Shots . | . . . . . Overflow Damage 152 | . . . 152 . Projectiles 28 | . . . 28 . Explosions 124 | . . . 124 . Melee . | . . . . . Knockbacks . | . . . . . Impact . | . . . . . Kinetic . | . . . . . Secondary . | . . . . . Self-Inflicted Damage 269 | . . 22 242 5 Shots 18 | . . 2 16 . Rammed 6 | . . . 5 1 Targets Rammed 10 | . . . 9 1 Kicked 4 | . . . 4 . Crushed . | . . . . . Highest Temperature 322 | 273 294 12 322 33 Average Temperature 115 | 140 112 8 116 18 Received Heat Transfer 696 | . 123 72 402 99 Effects 1 | . 1 . . . Energy Bleed 1 | . 1 . . . Siege Activations . | . . . . . Robots Corrupted 4 | . . . 3 1 Combat Hostiles 3 | . . . 2 1 Parts Fried 18 | . . 1 14 3 Impact Corruptions . | . . . . . Robots Melted . | . . . . . Combat Hostiles . | . . . . . Parts Melted 7 | 2 4 . 1 . Heat Transferred 4751 | 296 1961 175 2169 150 Parts Sabotaged . | . . . . . Parts Stolen . | . . . . . Parts Stripped . | . . . . . Power Chain Reactions 25 | . 1 2 22 . Missiles Intercepted . | . . . . . Alert | -11 -10 -10 -9 -9 ------- Run | Scr Mat Min Mat Sto Peak Influence 842 | 10 261 173 842 183 Average Influence 336 | 5 67 107 592 153 Maximum Alert Level 3 | . 1 . 3 . Low Security (%) 50 | 100 87 100 7 100 Level 1 6 | . 12 . 6 . Level 2 27 | . . . 54 . Level 3 15 | . . . 30 . Level 4 . | . . . . . Level 5 . | . . . . . High Security . | . . . . . Max Security . | . . . . . Squads Dispatched 13 | . 1 1 8 3 Investigation 10 | . 1 1 6 2 Extermination . | . . . . . Reinforcement 2 | . . . 2 . Assault . | . . . . . Garrison 1 | . . . . 1 Intercept . | . . . . . Construction Impeded 1 | . . . 1 . Haulers Reinforced . | . . . . . Stealth | -11 -10 -10 -9 -9 --------- Run | Scr Mat Min Mat Sto Distress Signals 4 | . . . 4 . Communications Jammed . | . . . . . Distress Signals . | . . . . . Times Spotted 92 | . 11 12 66 3 Peak Tracking Total 6 | . 3 5 6 3 Tactical Retreats 11 | . . 2 9 . Traps | -11 -10 -10 -9 -9 ------- Run | Scr Mat Min Mat Sto Traps Triggered . | . . . . . Indirectly . | . . . . . Trap Hack Attempts . | . . . . . Triggered . | . . . . . Disarmed 12 | . . . . 12 Reprogrammed 1 | . 1 . . . Reused . | . . . . . Traps Extracted . | . . . . . Installed . | . . . . . Triggered . | . . . . . Machines | -11 -10 -10 -9 -9 ---------- Run | Scr Mat Min Mat Sto Machines Disabled 17 | . 4 2 11 . Max in Single Turn 2 | . 1 1 2 . Machines Sabotaged . | . . . . . Garrisons Compromised . | . . . . . Overloaded Fab Kills . | . . . . . Fab Network Shutdowns . | . . . . . Hacking | -11 -10 -10 -9 -9 --------- Run | Scr Mat Min Mat Sto Machines Accessed 21 | . 7 1 11 2 Terminals 17 | . 7 . 9 1 Fabricators . | . . . . . Repair Stations 1 | . . . 1 . Recycling Units . | . . . . . Scanalyzers 1 | . . . 1 . Garrison Access 1 | . . . . 1 Total Hacks 71 | . 30 1 33 7 Successful 35 | . 18 1 14 2 Failed 36 | . 12 . 19 5 Catastrophic 6 | . 2 . 3 1 Database Lockouts . | . . . . . Manual 52 | . 20 . 28 4 Terminals 62 | . 30 . 29 3 Fabricators . | . . . . . Repair Stations 3 | . . . 3 . Recycling Units . | . . . . . Scanalyzers 1 | . . . 1 . Garrison Access 4 | . . . . 4 Terminal Hacks 27 | . 15 1 9 2 Record 1 | . 1 . . . Robot Analysis 5 | . 5 . . . Open Door 1 | . . 1 . . Level Access Points 1 | . . . 1 . Branch Access Points 1 | . . . 1 . Terminal Index 1 | . . . 1 . Unreport Threat 4 | . 1 . 3 . Locate Traps 4 | . 3 . 1 . Disarm Traps 2 | . . . . 2 Reprogram Traps 1 | . 1 . . . Dispatch Records 1 | . 1 . . . Transport Status 1 | . 1 . . . Recall Investigation 1 | . . . 1 . Hauler Manifests 1 | . 1 . . . Registered Prototypes 1 | . 1 . . . Zone Layout 1 | . . . 1 . Fabricator Hacks . | . . . . . Repair Station Hacks 2 | . . . 2 . Scan Component 1 | . . . 1 . Repair 1 | . . . 1 . Recycling Unit Hacks . | . . . . . Scanalyzer . | . . . . . Garrison Access Hacks . | . . . . . Unauthorized Hacks 20 | . 8 . 8 4 Terminals 5 | . 3 . 2 . Botnet 4 | . 2 . 2 . Detonate 1 | . 1 . . . Fabricators . | . . . . . Repair Stations . | . . . . . Recycling Units . | . . . . . Scanalyzers 1 | . . . 1 . Extract 1 | . . . 1 . Garrison Access . | . . . . . Data Cores Recovered . | . . . . . Used . | . . . . . Hacking Detections 18 | . 7 . 9 2 Full Trace Events 11 | . 2 . 7 2 Feedback Events 1 | . . . 1 . Corruption 1 | . . . 1 . Feedback Blocked . | . . . . . Robot Schematics Acquired . | . . . . . Robots Built . | . . . . . Matter . | . . . . . Time . | . . . . . Total Robot Build Rating . | . . . . . Part Schematics Acquired 2 | . . . 2 . Parts Built . | . . . . . Matter . | . . . . . Time . | . . . . . Total Part Build Rating . | . . . . . Parts Repaired 1 | . . . 1 . Time 32 | . . . 32 . Parts Recycled . | . . . . . Recycled Matter . | . . . . . Retrieved Matter . | . . . . . Retrieved Components . | . . . . . Parts Scanalyzed . | . . . . . Part Schematics Acquired . | . . . . . Parts Damaged . | . . . . . Bothacking | -11 -10 -10 -9 -9 ------------ Run | Scr Mat Min Mat Sto Used RIF Installer . | . . . . . Robots Hacked . | . . . . . Non-combat . | . . . . . Combat . | . . . . . Robot Hacks Applied . | . . . . . Relay Couplers Released . | . . . . . Robots Rewired . | . . . . . Allies Hacked . | . . . . . Hacks Repelled . | . . . . . Allies | -11 -10 -10 -9 -9 -------- Run | Scr Mat Min Mat Sto Total Allies 3 | . . 3 . . Largest Group 2 | . . 2 2 . Highest-Rated Group 62 | . . 62 62 . Highest-Rated Ally 31 | . . 31 31 . Total Orders . | . . . . . Ally Attacks 16 | . . 7 9 . Total Damage 171 | . . 64 107 . Kills 5 | . . 3 2 . Allies Corrupted . | . . . . . Allies Melted . | . . . . . Intel | -11 -10 -10 -9 -9 ------- Run | Scr Mat Min Mat Sto Robot Analysis Total 5 | . 5 . . . Derelict Logs Recovered 1 | . . 1 . . Drone Launches . | . . . . . Drone Recoveries . | . . . . . Exploration | -11 -10 -10 -9 -9 ------------- Run | Scr Mat Min Mat Sto Turns Passed 3826 | 74 1025 760 1895 72 Spaces Moved 2494 | 46 640 549 1227 32 Core 16 | 16 . . . . Treads . | . . . . . Legs 2478 | 30 640 549 1227 32 Wheels . | . . . . . Hover . | . . . . . Flight . | . . . . . Fastest Speed 50 | 50 120 120 120 120 Average Speed 119 | 95 120 120 120 120 Slowest Speed 120 | 120 120 120 120 120 Overloaded Moves . | . . . . . Propulsion Burnouts . | . . . . . Robots Hopped . | . . . . . Cave-ins Triggered . | . . . . . Exploration Rate (%) 55 | 4 91 90 85 7 Regions Visited 4 Branch Regions 2 Pre-discovered Areas 1 | . . 1 . . Known Exits Taken 2 | . . 1 1 . Unknown Exits Taken 2 | 1 1 . . . Scrap Searched 1 | . . 1 . . Spaces Dug . | . . . . . Terrain Destroyed 167 | . 2 7 158 . Melee . | . . . . . Projectile . | . . . . . AOE 167 | . 2 7 158 . Actions | -11 -10 -10 -9 -9 --------- Run | Scr Mat Min Mat Sto Total 2981 | 62 808 604 1461 46 Wait 125 | . 88 . 36 1 Move 2490 | 45 639 548 1226 32 Hop . | . . . . . Pick Up 58 | 5 10 11 31 1 Fast Attach . | . . . . . Attach 37 | 5 6 5 20 1 Detach . | . . . . . Swap 13 | . 2 2 9 . Drop 33 | . 5 8 20 . Fire 215 | 7 58 30 110 10 Melee . | . . . . . Ram . | . . . . . Kick 10 | . . . 9 1 Crush . | . . . . . Escape Stasis . | . . . . . Rewire . | . . . . . Trap . | . . . . . Miscellaneous . | . . . . . Route ------- -11/Scrapyard -10/Materials (discovered 4 exits: *Mat x3 / *Min) -10/Mines (discovered 2 exits: *Mat x2) -9/Materials (discovered 7 exits: *Mat x3 / *Min x2 / *Sto x2) -9/Storage History --------- Turn | Location | Event 5 | -11/Scrapyard | Discovered new exit (range 15) 75 | -11/Scrapyard | Entered Materials 310 | -10/Materials | Build established: Mutant 507 | -10/Materials | Discovered new exit (range 17) 624 | -10/Materials | Build established: Scavenger-Mutant 668 | -10/Materials | Discovered new exit (range 10) 704 | -10/Materials | Discovered new exit (range 10) 887 | -10/Materials | Discovered new exit (range 15) 1100 | -10/Materials | Entered Mines 1181 | -10/Mines | Identified exit to Materials 1189 | -10/Mines | Discovered exit to Materials (range 15) 1377 | -10/Mines | Core integrity fell below 50% 1401 | -10/Mines | Joined a pair of Derelicts in attacking an 0b10 outpost 1523 | -10/Mines | Escorted by a lone wolf Derelict 1544 | -10/Mines | Learned location of Storage (-9) 1656 | -10/Mines | Met a Derelict shopkeep closing up shop 1860 | -10/Mines | Entered Materials 1860 | -9/Materials | Accompanied by 2 allies 1860 | -9/Materials | Evolved 2 slots: Utility x2 1865 | -9/Materials | Led the pair of lost Derelicts to an unsafe place 1950 | -9/Materials | Build established: Mutant 2063 | -9/Materials | Discovered new exit (range 15) 2817 | -9/Materials | Discovered new exit (range 16) 2925 | -9/Materials | Repaired Imp. Aluminum Leg 2956 | -9/Materials | Discovered new exit (range 15) 3520 | -9/Materials | Discovered new exit (range 16) 3617 | -9/Materials | Discovered new exit (range 16) 3659 | -9/Materials | Identified exit to Materials 3671 | -9/Materials | Identified exit to Mines 3671 | -9/Materials | Identified exit to Storage 3755 | -9/Materials | Entered Storage 3776 | -9/Storage | Core integrity fell below 50% 3793 | -9/Storage | Garrison activated, responded to threat 3827 | -9/Storage | Self-destructed Last Messages --------------- 03764_ System corrupted: Energy discharge (-115). 03770_ G-34 Mercenary destroyed. 03779_ Hvy. EM Pulse Gun destroyed. 03780_ System corrupted: Component data lost. 03786_ Acquired Sml. Laser. 03788_ Acquired 10 matter. 03793_ Y-45 Defender calls for garrison reinforcements. 03793_ ALERT: Activating Garrison Access S001. 03797_ System corrupted: Sml. Laser targeting data glitched. 03801_ Y-45 Defender system terminally corrupted. 03801_ Lgt. Armor Plating fried. 03801_ Beam Rifle fried. 03801_ Heat Sink fried. 03809_ Sml. Laser destroyed. 03817_ Hvy. EM Pulse Gun destroyed. 03819_ Connecting with Garrison Access... 03819_ ALERT: Suspicious activity at Garrison Access S001. Dispatching Investigation squad. 03822_ Slammed into Y-45 Defender. 03824_ R-06 Scavenger collects Heat Sink. Map ----- +----------------------------------------------------+ | ???????????????????????????????????????????????? | | ???????????????????????????????????????????????? | | ???????????????????????????????????????????????? | | ???????????????????????????????????????????????? | | ???????????????????????????????????????????????? | | ???????????????????????????????????????????????? | | ???????????????????????????????????????????????? | | ???????????????????????????????????????????????? | | ???????????????????????????????????????????????? | | ???????????????????????????????????????????????? | | ???????????????????????????????????????????????? | | ???????????????????????????????????????????????? | | ???????????????????????????????????????????????? | | ???????????????????????????????????????????????? | | ??????????????????###########??????????????????? | | ??????????????????# """"" #??????????????????? | | ??????????????????# """"" #??????????????????? | | ?????????????????## """"" ####???????????????? | | ?????????????????# """#???????????????? | | ??????????????????# G"#???????????????? | | ??????????????????# """#???????????????? | | ??????????????????# ####???????????????? | | ??????????????????# Y% #?###??????????????? | | ????????????#+#########/#######T########???????? | | ???????? a %% #???????? | | ???????? r=@ #???????? | | ???????? #???????? | | ?????????####s########+#################???????? | | ???????????????????????????????????????????????? | | ???????????????????????????????????????????????? | | ???????????????????????????????????????????????? | | ???????????????????????????????????????????????? | | ???????????????????????????????????????????????? | | ???????????????????????????????????????????????? | | ???????????????????????????????????????????????? | | ???????????????????????????????????????????????? | | ???????????????????????????????????????????????? | | ???????????????????????????????????????????????? | | ???????????????????????????????????????????????? | | | | | | | | | | | | | | | | | | | | | | | +----------------------------------------------------+ Best States ------------- Heat Dissipation 39 Energy Generation 14 Energy Capacity 580 Matter Stores 300 Matter Capacity 300 Sight Range 18 Terrain Scan Density 10 Base Temperature (-) 100 Resistance: KI 20 Resistance: TH 20 Resistance: EX 20 Resistance: EM 20 Resistance: I 20 Resistance: S 20 Resistance: P 20 Evasion (%) 50 Targeting Accuracy 6 Target Analysis 5 Offensive Hacking 10 Item Schematics ----------------- Autogun | -9/Materials | Extracted Lgt. EM Pulse Cannon | -9/Materials | Extracted Robot Schematics ------------------ None Fabricated ------------ Nothing Alien Tech Used ----------------- None Achievements -------------- None Challenges ------------ None Game ------ Seed LayeredWeaponWell Manual? 0 Play Time 00:26:48 Cumulative 164.7 hours Start 2020.07.31 @ 15:39:27 End 2020.07.31 @ 16:05:31 Sessions 1 Manual Loads 0 Difficulty Adventurer Special Mode None Game No. 81 Rogue 0 Adventurer 81 Explorer 0 Win Type - Total 1 Types 1/0/0/0/0/0/0 Lore% 29 Gallery% 53 Achievement% 39 Wizard Run 0 Options --------- ASCII 0 Keyboard 0 Movement Numpad Keybinds 0 Fullscreen 0 Font 12/Smallcaps Map View 83x54 Tactical HUD 1 Map Filters NONE Filters NONE Steam X RUN: bd3404ea-f758-4364-80c6-f423406cf8be